 Dungeon Crawl Stone Soup version 0.30-a0-23-ge60ba3568b (webtiles) character file.

Game seed: 451592924022352801

79 Cedruin the Chopper (level 4, -2/34 HPs)
             Began as a Demonspawn Gladiator on Aug 24, 2022.
             Slain by an orc
             ... wielding a +0 mace of holy wrath
              (3 damage)
             ... on level 3 of the Dungeon.
             The game lasted 00:02:42 (2580 turns).

Cedruin the Chopper (Demonspawn Gladiator)          Turns: 2580, Time: 00:02:43

Health: -2/34      AC:  6    Str: 16    XL:     4   Next: 17%
Magic:  4/4        EV: 11    Int:  9    God:
Gold:   967        SH:  0    Dex: 15    Spells: 3/3 levels left

rFire   . . .      SeeInvis .    a - +0 war axe
rCold   . . .      Faith    .    (no shield)
rNeg    . . .      Spirit   .    i - +0 ring mail
rPois   .          Reflect  .    c - +0 helmet
rElec   .          Harm     .    (no cloak)
rCorr   .          Rampage  .    (no gloves)
Will    .....                    (no boots)
Stlth   +.........               (no amulet)
HPRegen 0.11/turn                (no ring)
MPRegen 0.09/turn                (no ring)

@: no status effects
A: hooves 1, powered by pain 1
a: no special abilities


You were on level 3 of the Dungeon.
You visited 1 branch of the dungeon, and saw 3 of its levels.

You collected 967 gold pieces.

Inventory:

Hand Weapons
 a - a +0 war axe (weapon)
Missiles
 d - 3 throwing nets (quivered)
 e - a javelin
Armour
 c - a +0 helmet (worn)
 i - a +0 ring mail (worn)
Scrolls
 b - a scroll of identify
 h - 2 scrolls of teleportation
Potions
 f - a potion of heal wounds {unknown}
 g - a potion of lignification {unknown}
 k - a potion of brilliance {unknown}
 p - a potion of magic {unknown}


   Skills:
 + Level 2.7 Fighting
 * Level 3.7 Axes
 - Level 1.7 Throwing
 + Level 3.2 Dodging


You had 3 spell levels left.
You didn't know any spells.
Your spell library contained the following spells:

 Spells                   Type           Power      Damage    Failure   Level
 Beastly Appendage        Tmut           0%         N/A       61%         1
 Wereblood                Tmut           0%         N/A       75%         2
 Spider Form              Tmut/Pois      0%         N/A       93%         3


Dungeon Overview and Level Annotations

Branches:
Dungeon (3/15)

Altars:


Innate Abilities, Weirdness & Mutations

You have large cloven feet.
You sometimes gain a little power by taking damage.


Message History

Found a stone staircase leading up.
An orc priest comes into view. It is wielding a +0 flail.
The orc priest shouts!
You hear a shout!
An orc wizard comes into view. It is wielding a +0 dagger.
The orc wizard shouts!
The orc wizard moves out of view.
An orc comes into view. It is wielding a +0 mace of holy wrath.
The orc shouts!
The orc priest hits you with a +0 flail!
You slash the orc priest! Your kick misses the orc priest.
The orc priest is heavily wounded.
The orc priest hits you but does no damage.
You hit the orc priest.
The orc priest is severely wounded.
The orc priest begins to cast a cantrip, but forgets the words!
You barely miss the orc priest. You kick the orc priest.
The orc priest is almost dead.
You hit the orc. You barely miss the orc wizard.
The orc priest hits you with a +0 flail.
The orc barely misses you.
The orc wizard hits you but does no damage.
You hit the orc priest but do no damage.
Your kick misses the orc priest.
The orc priest is almost dead.
You closely miss the orc wizard. You closely miss the orc.
The orc hits you with a +0 mace of holy wrath.
You convulse.
* * * LOW HITPOINT WARNING * * *
The orc priest invokes the aid of Beogh against you.
Pain shoots through your body!
* * * LOW HITPOINT WARNING * * *
The orc wizard hits you but does no damage.
You slash the orc priest!
You kill the orc priest!
You hit the orc wizard but do no damage.
You closely miss the orc.
The orc hits you with a +0 mace of holy wrath.
* * * LOW HITPOINT WARNING * * *
You convulse.
You die...

# ......##.#### #.#
#..........# #.# #
###...#.##.####.## #
####.............#
####.....†###.......#
#....###....####....#
<.##......#..###....#
..........##.##.....#
...#......# ..#.@)<.#
##.#......# .#.oo..#
#.....#..# .......#
####....#.#####.....#
.....#(.....# #.....#
............###.....#
.###.#.......##.....#
...#.#.......###....#
##...#......##


You could see an orc wizard and an orc.

Vanquished Creatures
  An orc priest (D:3)
  2 adders
  4 bats
  7 endoplasms
  4 giant cockroaches
  11 goblins
  5 hobgoblins
  A quokka (D:3)
  7 ball pythons
  11 frilled lizards
  3 kobolds
  3 rats
59 creatures vanquished.

Vanquished Creatures (others)
  5 plants (D:1)
5 creatures vanquished.

Grand Total: 64 creatures vanquished

Notes
Turn   | Place    | Note
-------+----------+-------------------------------------------
     0 | D:1      | Cedruin the Demonspawn Gladiator began the quest for the
                  | Orb.
     0 | D:1      | Reached XP level 1. HP: 16/16 MP: 1/1
    23 | D:1      | Found a faded altar of an unknown god.
   139 | D:1      | Gained mutation: You have large cloven feet. [demonic
                  | ancestry]
   139 | D:1      | Reached XP level 2. HP: 22/22 MP: 2/2
   441 | D:1      | Gained mutation: You sometimes gain a little power by
                  | taking damage. [demonic ancestry]
   441 | D:1      | Reached XP level 3. HP: 28/28 MP: 3/3
   829 | D:1      | Identified a scroll of acquirement
   829 | D:1      | Acquired 807 gold pieces
  2259 | D:3      | Reached XP level 4. HP: 34/34 MP: 4/4
  2580 | D:3      | HP: 1/34 [orc/+0 mace of holy wrath (4)]
  2580 | D:3      | Slain by an orc

Illustrated notes

Levels and vault maps discovered:
D:1:      psy_arrival_radial02, layout_rooms, ebering_ecumenical_altar_webs,
          minmay_lizard_king
D:2:      layout_basic, serial_glass, glass_columns_a, glass_columns_c,
          grunt_ministairs_15
D:3:      layout_rooms, cheibrodos_ashenzari_chains, amcnicky_mini_pool_small,
          uniq_grinder, uniq_ijyb

Skill      XL: |  1  2 |
---------------+-------+-----
Axes           | 3 |  3.7
Dodging        | 3 |  3.2
Fighting       | |  2.7
Throwing       | |  1.7

Action                   |  1- 3 |  4- 6 || total
-------------------------+-------+-------++-------
Melee: War axe           |    95 |    32 ||   127
       Kick              |    15 |     6 ||    21
  Use: Scroll            |     8 |       ||     8
Armor: Leather armour    |     9 |       ||     9
       Ring mail         |    42 |    17 ||    59
Dodge: Dodged            |    66 |    17 ||    83

Table legend: (Time is in decaauts)
 A = Elapsed time spent in this place.
 B = Non-inter-level travel time spent in this place.
 C = Inter-level travel time spent in this place.
 D = Time resting spent in this place.
 E = Time spent auto-exploring this place.
 F = Levels seen in this place.
 G = Mean time per level.
                   A        B        C        D        E       F      G
               +--------+--------+--------+--------+--------+-----+--------+
         Total |   2622 |   2586 |     36 |    400 |   1809 |   3 |  874.0 |
       Dungeon |   2622 |   2586 |     36 |    400 |   1809 |   3 |  874.0 |
               +--------+--------+--------+--------+--------+-----+--------+

Top non-repeatable levels by time:
     D:2: 1408 daAuts
     D:1: 855 daAuts
     D:3: 357 daAuts
